Map: Blackpink LE

Players

Cheetah

  • Race: Protoss Protoss
  • League: Platinum
  • Spawn Location: 7:00

Juxtapose - Winner!

  • Race: Protoss Protoss
  • League: Platinum
  • Spawn Location: 1:00

VOD

https://youtu.be/2rtaQUkzJAk

Description

Remembering my mistake last game, I properly started expanding after my Cybernetics Core, only to find my opponent attempting to contain me with Photon Canons!

I was originally going for an Oracle harass as well, something I haven't done much of this Season, though that got spotted so I make the switch to the most logical unit to break out: Void Rays.

Time

  • Played on: Jan. 13, 2018, 7:14 p.m.
  • Length: 8:38
Show
View Real Time Build Order
Export as new Build Order

Cheetah Protoss 

Build Orders:  

Get SALT Encoding   

  12  0:01  Probe  
  13  0:14  Pylon  
  13  0:17  Probe  
  14  0:30  Probe (Chrono Boost)  
  15  0:42  Assimilator, Probe (Chrono Boost)  
  16  0:47  Probe (Chrono Boost)  
  17  0:59  Pylon, Gateway  
  17  1:04  Probe  
  18  1:16  Probe  
  19  1:23  Forge  
  19  1:28  Probe (Chrono Boost)  
  21  1:40  Probe (Chrono Boost)  
  21  1:49  Cybernetics Core  
  21  1:52  Probe  
  22  1:55  Zealot  
  22  2:00  Photon Cannon  
  24  2:26  Warp Gate  
  24  2:33  Pylon  
  24  2:36  Probe  
  25  2:37  Pylon  
  25  2:40  Pylon  
  25  2:47  Pylon  
  25  2:54  Photon Cannon  
  25  2:59  Photon Cannon  
  25  3:10  Protoss Ground Weapons Level 1 (Chrono Boost)  
  25  3:14  Photon Cannon  
  25  3:18  Probe  
  26  3:21  Pylon  
  26  3:31  Nexus, Stalker  
  28  3:35  Assimilator  
  28  3:51  Gateway  
  28  3:53  Probe, Twilight Council  
  29  4:03  Robotics Facility  
  29  4:10  Pylon  
  29  4:25  Resonating Glaives (Chrono Boost)  
  29  4:29  Pylon  
  29  4:37  Photon Cannon  
  26  4:50  Shield Battery, Stalker  
  28  4:53  Probe x2  
  28  4:56  Observer  
  31  5:07  Photon Cannon  
  31  5:09  Probe  
  31  5:11  Protoss Ground Armor Level 1 (Chrono Boost)  
  32  5:30  Shield Battery, Probe x2  
  34  5:39  Observer  
  35  5:42  Stalker  
  35  5:44  Probe  
  35  5:46  Probe  
  39  6:03  Gateway  
  39  6:06  Warp Prism  
  39  6:10  Sentry  
  43  6:14  Probe x2  
  45  6:24  Gateway  
  45  6:29  Probe  
  45  6:30  Probe  
  45  6:32  Pylon  
  47  6:39  Zealot  
  49  6:57  Photon Cannon  
  49  7:00  Stalker  
  49  7:07  Stalker  
  49  7:08  Gateway  
  51  7:14  Probe x2  
  52  7:20  Photon Cannon  
  52  7:27  Observer  
  52  7:28  Gateway  
  53  7:32  Stalker x2  
  57  7:42  Stalker  
  59  7:48  Probe  
  59  7:49  Probe  
  61  8:01  Stalker  
  61  8:02  Stalker  
  65  8:14  Forge  
  65  8:16  Assimilator  
  65  8:18  Assimilator  
  63  8:25  Stalker x3  
Show
View Real Time Build Order
Export as new Build Order

Juxtapose Protoss - Winner!

Build Orders: Oracle Opening 

Get SALT Encoding   

  12  0:01  Probe  
  13  0:13  Probe  
  14  0:21  Pylon  
  14  0:25  Probe  
  15  0:39  Probe  
  15  0:40  Gateway  
  16  0:51  Assimilator, Probe  
  17  1:03  Pylon, Probe  
  18  1:13  Assimilator  
  18  1:15  Probe  
  19  1:27  Probe  
  19  1:29  Cybernetics Core  
  20  1:39  Probe  
  21  1:45  Zealot  
  23  1:51  Probe  
  24  2:08  Nexus  
  24  2:12  Probe  
  25  2:17  Warp Gate  
  25  2:30  Stargate  
  25  2:45  Zealot (Chrono Boost)  
  29  3:21  Pylon, Oracle (Chrono Boost)  
  30  3:33  Shield Battery  
  30  3:38  Forge  
  30  3:45  Stalker (Chrono Boost)  
  32  3:55  Void Ray (Chrono Boost)  
  36  4:17  Photon Cannon  
  36  4:20  Pylon  
  36  4:25  Photon Cannon  
  36  4:37  Void Ray (Chrono Boost)  
  40  5:01  Stargate  
  40  5:12  Pylon, Void Ray (Chrono Boost)  
  40  5:15  Photon Cannon  
  44  5:32  Gateway  
  44  5:48  Void Ray x2  
  52  6:05  Robotics Facility  
  52  6:31  Pylon  
  52  6:49  Void Ray  
  56  6:57  Void Ray  
  60  7:10  Zealot  
  62  7:47  Pylon  
Tags
 
Add a new tag
Caveats
  • Supply blocks, unpowered buildings, or Contaminate may cause inaccurate times.
  • Supply counts are checked every 10 seconds.